Map: Ice and Chrome LE

Players

TLHarstem (Harstem) - Winner!

  • Race: Protoss Protoss
  • League: Master
  • Spawn Location: 7:00

AGOElazer (Elazer)

  • Race: Zerg Zerg
  • League: Master
  • Spawn Location: 1:00

VOD

https://www.youtube.com/watch?v=zGRp-AtOClE

Description

Time

  • Played on: June 7, 2020, 2:04 p.m.
  • Length: 11:07
Show
View Real Time Build Order
Export as new Build Order

TLHarstem Protoss - Winner!

Build Orders: 1 Gate Expand, Zealot Archon, Archon Drop, Dark Templar Rush 

Get SALT Encoding   

  12  0:01  Probe  
  13  0:14  Probe  
  13  0:16  Pylon  
  14  0:22  Probe  
  15  0:32  Probe  
  16  0:39  Gateway  
  16  0:44  Probe  
  16  0:49  Assimilator  
  17  0:56  Probe  
  18  1:08  Probe  
  19  1:20  Probe  
  20  1:27  Nexus  
  20  1:34  Cybernetics Core  
  20  1:37  Probe  
  21  1:43  Assimilator  
  21  1:49  Probe  
  21  1:52  Pylon  
  22  2:01  Adept, Probe  
  23  2:12  Warp Gate  
  23  2:13  Probe  
  26  2:21  Stalker  
  26  2:25  Probe  
  27  2:36  Pylon  
  29  2:37  Probe  
  29  2:43  Twilight Council  
  30  2:45  Probe  
  30  2:49  Probe  
  32  2:53  Robotics Facility  
  32  2:57  Probe  
  33  3:02  Probe  
  34  3:09  Probe  
  35  3:14  Probe  
  35  3:19  Gateway  
  36  3:20  Dark Shrine  
  36  3:21  Probe  
  36  3:23  Adept  
  39  3:28  Gateway  
  39  3:30  Warp Prism  
  39  3:35  Probe  
  42  3:44  Pylon  
  42  3:46  Probe  
  44  3:48  Probe  
  44  3:52  Assimilator  
  44  3:57  Pylon  
  44  4:03  Adept  
  44  4:04  Probe  
  44  4:05  Probe  
  48  4:12  Probe  
  48  4:14  Adept  
  48  4:17  Probe  
  52  4:20  Probe  
  52  4:24  Pylon  
  52  4:29  Probe  
  52  4:30  Probe  
  54  4:38  Dark Templar x3  
  61  4:41  Probe  
  62  4:55  Probe  
  62  4:56  Probe  
  64  5:00  Nexus  
  64  5:03  Archon  
  64  5:06  Pylon  
  64  5:07  Probe, Observer  
  60  5:08  Probe, Assimilator  
  60  5:10  Dark Templar  
  60  5:12  Sentry  
  63  5:14  Archon  
  63  5:19  Probe, Forge  
  63  5:20  Probe  
  65  5:22  Pylon  
  65  5:24  Zealot  
  67  5:31  Probe  
  67  5:33  Probe, Immortal  
  69  5:41  Shield Battery  
  73  5:43  Probe x2  
  73  5:44  Sentry  
  73  5:45  Zealot  
  79  5:51  Probe  
  79  5:53  Blink  
  79  5:54  Protoss Ground Weapons Level 1, Pylon  
  79  5:55  Probe  
  81  6:00  Probe  
  82  6:07  Probe  
  83  6:11  Probe  
  83  6:17  Probe  
  83  6:18  Sentry, Stalker x2  
  91  6:19  Probe, Immortal  
  91  6:23  Probe  
  99  6:37  Pylon  
  99  6:38  Gateway  
  97  6:40  Gateway  
  97  6:41  Gateway  
  97  6:42  Sentry, Stalker  
  101  6:51  Stalker  
  101  6:53  Pylon  
  103  6:55  Pylon, Immortal  
  103  7:06  Stalker  
  103  7:07  Probe  
  103  7:08  Pylon  
  110  7:11  Gateway  
  110  7:15  Gateway  
  110  7:17  Pylon  
  110  7:18  Sentry  
  110  7:19  Stalker  
  110  7:20  Pylon  
  114  7:25  Probe  
  115  7:31  Pylon  
  115  7:32  Stalker  
  117  7:37  Stalker x3  
  117  7:39  Assimilator  
  117  7:41  Photon Cannon  
  117  7:42  Probe, Stalker x2  
  128  7:48  Pylon  
  128  7:52  Probe  
  128  7:56  Probe  
  128  7:57  Pylon  
  131  7:58  Assimilator  
  131  8:01  Stalker x2  
  131  8:02  Stalker  
  131  8:04  Probe  
  138  8:08  Gateway  
  138  8:10  Photon Cannon, Stalker  
  139  8:17  Stalker x2  
  135  8:32  Stalker x4  
  127  8:40  Stalker x2  
  113  8:49  Probe  
  113  8:52  Stalker x2  
  110  8:56  Stalker x2  
  110  8:57  Stalker  
  108  9:03  Probe  
  98  9:10  Sentry x2  
  98  9:11  Stalker x2  
  98  9:15  Probe  
  98  9:17  Sentry, Stalker  
  103  9:45  Stalker x7  
  101  9:46  Stalker  
  101  9:48  Stalker  
  109  9:55  Probe x2  
  100  10:00  Probe  
  100  10:04  Stalker  
  100  10:05  Stalker  
  98  10:08  Probe  
  98  10:09  Stalker x2  
  98  10:10  Stalker  
  98  10:12  Probe  
  103  10:16  Sentry  
  103  10:17  Sentry  
  103  10:20  Probe  
  103  10:21  Sentry x2  
  103  10:22  Probe  
  105  10:41  Stalker  
  95  11:03  Stalker x5  
Show
View Real Time Build Order
Export as new Build Order

AGOElazer Zerg 

Build Orders: Hatch First 

Get SALT Encoding   

  12  0:00  Drone  
  13  0:12  Overlord  
  13  0:17  Drone  
  14  0:30  Drone x2  
  16  0:41  Drone  
  17  0:52  Hatchery  
  17  0:54  Drone  
  17  0:58  Drone  
  18  1:08  Extractor  
  17  1:12  Spawning Pool  
  17  1:17  Drone  
  17  1:18  Drone  
  18  1:29  Drone  
  19  1:39  Drone  
  20  1:49  Drone  
  21  2:00  Overlord  
  21  2:03  Queen  
  21  2:04  Zergling x2, Queen  
  26  2:11  Zergling x2  
  26  2:12  Metabolic Boost  
  26  2:15  Drone  
  28  2:22  Drone  
  29  2:32  Drone  
  29  2:35  Drone  
  31  2:45  Queen  
  31  2:46  Hatchery  
  31  2:48  Zergling x2  
  31  2:51  Overlord  
  33  2:56  Drone  
  34  3:00  Overlord  
  34  3:03  Drone  
  35  3:10  Drone x2  
  35  3:12  Spore Crawler  
  34  3:16  Drone x3  
  38  3:21  Drone x2  
  38  3:24  Queen  
  42  3:28  Drone  
  42  3:32  Drone  
  44  3:40  Drone x2  
  46  3:45  Drone x2  
  46  3:47  Drone  
  49  3:50  Drone  
  49  3:52  Drone  
  49  3:54  Roach Warren  
  50  3:56  Drone  
  50  3:58  Queen  
  50  4:01  Overlord  
  53  4:05  Overlord  
  53  4:06  Zergling x2  
  53  4:07  Zergling x2  
  55  4:10  Zergling x4  
  57  4:20  Zergling x10  
  57  4:22  Spore Crawler  
  61  4:24  Overlord  
  61  4:31  Spore Crawler x2  
  59  4:32  Zergling x6  
  57  4:55  Roach x8, Zergling x4  
  74  5:02  Lair  
  74  5:06  Extractor  
  70  5:10  Drone x7  
  77  5:17  Drone x4  
  81  5:21  Extractor  
  81  5:23  Extractor  
  79  5:31  Overlord  
  79  5:32  Drone x2  
  81  5:35  Drone  
  81  5:37  Overlord  
  82  5:47  Overlord  
  82  5:50  Hatchery, Drone x6, Overlord  
  87  6:00  Drone x2  
  87  6:02  Drone, Glial Reconstitution  
  90  6:09  Spire  
  90  6:10  Extractor  
  88  6:11  Extractor  
  88  6:12  Drone x6  
  88  6:15  Overlord  
  93  6:19  Overseer  
  93  6:23  Overlord  
  93  6:28  Drone x5  
  98  6:34  Overlord  
  98  6:36  Drone x2  
  100  6:40  Evolution Chamber  
  100  6:44  Overlord, Roach  
  100  6:45  Roach x3  
  104  7:07  Zerg Missile Weapons Level 1  
  102  7:09  Overlord  
  102  7:10  Overlord  
  102  7:24  Mutalisk x8  
  102  7:26  Overlord  
  118  7:31  Roach x6  
  118  7:35  Zergling x18  
  139  7:43  Drone  
  140  7:44  Drone x2  
  140  7:45  Baneling Nest  
  140  7:47  Ravager x3  
  140  7:50  Zergling x6  
  147  7:53  Zergling x6  
  147  7:55  Ravager  
  151  7:59  Zergling x2  
  151  8:03  Overlord x5  
  152  8:11  Hatchery  
  151  8:15  Ravager x4  
  151  8:16  Ravager  
  152  8:24  Zergling x2  
  152  8:25  Zergling x14  
  146  8:32  Roach x5  
  136  8:38  Roach x3  
  134  8:41  Roach x2  
  134  8:45  Roach  
  130  8:52  Roach  
  127  8:56  Roach x3  
  127  9:02  Roach x4  
  132  9:08  Roach x2  
  126  9:15  Roach  
  126  9:16  Ravager  
  130  9:17  Ravager x3  
  130  9:20  Queen  
  130  9:22  Zergling x4  
  132  9:24  Queen x2  
  132  9:26  Zergling x4  
  132  9:30  Zergling x2  
  132  9:31  Zergling x2  
  123  9:41  Roach x4  
  123  9:44  Roach  
  115  9:52  Roach x3  
  116  9:56  Roach  
  116  9:57  Roach x4  
  121  10:05  Roach x2  
  116  10:11  Ravager x2  
  116  10:12  Ravager x3  
  117  10:16  Overlord x4  
  112  10:22  Ravager x3  
  112  10:23  Ravager  
  112  10:27  Zergling x2  
  112  10:28  Zergling x8  
  111  10:34  Zergling x16  
  115  10:42  Zergling x6  
Tags
 
Add a new tag
Caveats
  • Supply blocks, unpowered buildings, or Contaminate may cause inaccurate times.
  • Supply counts are checked every 10 seconds.